 Dungeon Crawl Stone Soup version 0.17-a0-737-gf0a300a (webtiles) character file.

1008897 BluebellGnoll the Invulnerable (level 27, -1/273 HPs)
             Began as a Minotaur Gladiator on Apr 19, 2015.
             Was the Champion of the Shining One.
             Killed by divine providence
             ... invoked by a greater mummy
              (10 damage)
             ... on level 21 of a ziggurat on Apr 24, 2015.
             The game lasted 13:16:09 (102944 turns).

BluebellGnoll the Invulnerable (MiGl)             Turns: 102944, Time: 13:16:09

Health: -1/273     AC: 42    Str: 23 (28) XL:     27
Magic:  11/48      EV: 27    Int: -2 (3)  God:    the Shining One [******]
Gold:   5683       SH: 16    Dex: 12 (19) Spells: 6 memorised, 18 levels left

rFire  + + +     SeeInvis .     a - +9 battleaxe (holy)
rCold  + + +     Clarity  .     S - +10 plate armour {ponderous} (curse)
rNeg   + + +     SustAb   .     (no shield)
rPois  +         Gourm    .     x - -2 hat of the Alchemist {rElec rPois rF+ rC+ rN+ MR+ rMut rCorr} (curse)
rElec  +         Spirit   .     A - +2 cloak of the Other Side {rF+}
rCorr  +         Warding  .     U - +2 pair of gloves {Str+3}
rMut   +         Stasis   .     C - +2 pair of boots {run} (curse)
MR     +++..                    K - amulet of regeneration
Stlth  ..........               P - ring "Lyttoirch" {rF+ rC++ MP+9}
                                z - ring of Shaolin {EV+8}

@: divine shield, non-regenerating, diseased, slowed, lost intelligence,
glowing, repel missiles, very slow, extremely resistant to hostile enchantments,
extremely unstealthy
A: retaliatory headbutt, claws 1, horns 2, breathe flames 1, dopey 1, mutation
resistance 1, screaming 1
a: Divine Shield, Cleansing Flame, Summon Divine Warrior, Renounce Religion,
Breathe Fire
}: 5/15 runes: serpentine, barnacled, slimy, silver, demonic


You were on level 21 of a ziggurat.
You worshipped the Shining One.
The Shining One was exalted by your worship.
You were full.

You visited 12 branches of the dungeon, and saw 60 of its levels.
You visited Pandemonium 2 times, and saw 7 of its levels.
You visited the Abyss 1 time.
You visited 1 bazaar.
You visited 2 ziggurats (completing 1), and saw 48 of their levels.
You also visited: Labyrinth, Trove, Ice Cave, Volcano and Wizlab.

You collected 11454 gold pieces.
You spent 5771 gold pieces at shops.

Inventory:

Hand weapons
 a - a +9 battleaxe of holy wrath (weapon)
 G - a +9 battleaxe of electrocution
Missiles
 k - 24 javelins of penetration (quivered)
 Q - 45 javelins of returning
Armour
 x - the cursed -2 hat of the Alchemist (worn) {rElec rPois rF+ rC+ rN+ MR+ rMut rCorr}
   (You bought it in a shop on level 4 of the Orcish Mines)

   It protects you from fire.
   It protects you from cold.
   It insulates you from electricity.
   It protects you from poison.
   It protects you from negative energy.
   It affects your resistance to hostile enchantments.
   It protects you from acid and corrosion.
   It protects you from mutation.
   It has a curse placed upon it.
 A - the +2 cloak of the Other Side (worn) {rF+}
   (You found it in a wizard's laboratory)

   It protects you from fire.
 C - a cursed +2 pair of boots of running (worn)
 S - a cursed +10 plate armour of ponderousness (worn)
 U - a +2 pair of gloves of strength (worn)
Rods
 b - a +6 rod of inaccuracy (16/16)
   (You found it in a labyrinth)
 F - a +8 rod of inaccuracy (16/16)
   (You found it on level 16 of a ziggurat)
Jewellery
 c - an uncursed amulet of clarity
 q - a cursed ring of flight
 u - the cursed amulet of Posadab {rMut rF+ rC+}
   (You found it on level 9 of a ziggurat)

   [amulet of resist mutation]

   It protects you from mutation.
   It protects you from fire.
   It protects you from cold.
   It has a curse placed upon it.
 z - the ring of Shaolin (left hand) {EV+8}
   (You found it on level 4 of the Depths)

   [ring of evasion]

   It affects your evasion (+8).
 K - an amulet of regeneration (around neck)
 P - the ring "Lyttoirch" (right hand) {rF+ rC++ MP+9}
   (You found it on level 6 of the Pits of Slime)

   [ring of magical power]

   It protects you from fire.
   It greatly protects you from cold.
   It affects your magic capacity (+9).
 R - an uncursed ring of teleportation
 T - an uncursed ring of teleport control
 W - the cursed ring of Izogiaf {rElec rF+ rC+ MR+}
   (You found it on level 6 of a ziggurat)

   [ring of protection from fire]

   It protects you from fire.
   It protects you from cold.
   It insulates you from electricity.
   It affects your resistance to hostile enchantments.
   It has a curse placed upon it.
Magical devices
 p - a wand of digging (9)
 D - a wand of heal wounds (6)
 I - a wand of teleportation (6)
 O - a wand of paralysis (8)
Scrolls
 g - 30 scrolls of blinking
 i - 43 scrolls of remove curse
 l - 37 scrolls of fog
 m - 5 scrolls of immolation
 r - 28 scrolls of teleportation
 s - 8 scrolls of fear
 v - 2 scrolls of summoning
 w - 20 scrolls of magic mapping
 y - 10 scrolls of enchant armour
 E - 2 scrolls of acquirement
 H - 2 scrolls of holy word
 L - 8 scrolls of recharging
 X - 21 scrolls of identify
Potions
 d - 2 potions of resistance
 e - a potion of agility
 h - a potion of haste
 j - 4 potions of berserk rage
 n - a potion of magic
 t - 28 potions of curing
 J - 4 potions of cure mutation
 Z - 2 potions of cancellation
Miscellaneous
 o - a fan of gales
 B - a phial of floods
 N - a disc of storms
 V - a lamp of fire (inert)
 Y - 9 phantom mirrors
Comestibles
 f - 47 bread rations


   Skills:
 O Level 27 Fighting
 O Level 27 Axes
 + Level 25.2 Throwing
 O Level 27 Armour
 - Level 25.3 Dodging
 - Level 16.7 Unarmed Combat
 - Level 3.4 Spellcasting
 - Level 3.4 Charms
 - Level 9.8 Translocations
 O Level 27 Invocations
 O Level 27 Evocations


You had 18 spell levels left.
You knew the following spells:

 Your Spells              Type           Power        Failure   Level  Hunger
a - Blink                 Tloc           N/A          6%          2    ###....
b - Shroud of Golubria    Chrm/Tloc      #.........   24%         2    ###....
e - Flight                Chrm/Air       #.........   100%        3    ####...
r - Repel Missiles        Chrm/Air       #.....       97%         2    ###....
t - Control Teleport      Chrm/Tloc      #.........   97%         4    #####..
z - Apportation           Tloc           #.........   3%          1    ##.....


Dungeon Overview and Level Annotations

Branches:
Dungeon (15/15)            Temple (1/1) D:5            Lair (8/8) D:8
 Shoals (5/5) Lair:5        Snake (5/5) Lair:4        Slime (6/6) Lair:6
    Orc (4/4) D:9             Elf (3/3) Orc:4        Vaults (5/5) D:13
  Crypt (3/3) Vaults:3       Tomb (0/3) Crypt:3      Depths (4/5) D:15
   Hell (1/1)                 Dis (0/7) Hell            Geh (0/7) Hell
    Coc (0/7) Hell            Tar (0/7) Hell

Altars:
Ashenzari
Cheibriados
Dithmenos
Elyvilon
Fedhas
Gozag
Kikubaaqudgha
Makhleb
Nemelex Xobeh
Okawaru
Qazlal
Ru
Sif Muna
Trog
Vehumet
Xom
Yredelemnul
Zin
The Shining One
Beogh
Jiyva

Shops:
Orc:2 =   Orc:4 **[(   Elf:1 ?*[}   Shoals:4 [=   Shoals:5 [   Snake:2 :
Vaults:2 }   Vaults:5 ??%%!%!%

Portals:
Hell: Depths:1 Depths:2 Depths:3 Depths:4
Abyss: Depths:4
Pandemonium: Depths:1 Depths:3
Ziggurat: Depths:3

Annotations:
D:1 dig
D:14 exclusion: oklob plant


Innate Abilities, Weirdness & Mutations

You reflexively headbutt those who attack you in melee.
You have a pair of horns on your head.
You have sharp fingernails.
You can breathe flames.
You are dopey. (Int -2)
You are somewhat resistant to further mutation.
You occasionally shout uncontrollably at your foes.


Message History

You kill the blue devil!
The golden flame engulfs the emperor scorpion.
The emperor scorpion writhes in agony!
The emperor scorpion is lightly wounded.
The golden flame engulfs the spriggan skeleton.
The spriggan skeleton writhes in agony!
The golden flame engulfs the emperor scorpion.
The emperor scorpion writhes in agony!
You kill the emperor scorpion!
The emperor scorpion's corpse disappears in a puff of smoke!
The golden flame engulfs the necrophage.
The necrophage writhes in agony!
You destroy the necrophage!
The necrophage's corpse disappears in a puff of smoke!
You feel somewhat less full.
You hear a hideous shriek!
You block the death scarab's attack.
The anubis guard howls a hunting cry!
The greater mummy casts a spell at you. Something smites you!
You die...

▓...........
▓......ZZ...
▓∩.)...Z8M§
▓....4H.MsM


▓.sW.4MMMMZM ▓....WZ.ZMMM ▓...Z4zsMMZs ▓§§MsM4MM.MMM ▓ssB@ZMMM.Mss ▓▓▓▓▓▓▓▓▓▓▓▓s
You could see 5 greater mummies, 10 emperor scorpions, 5 mummy priests, a flayed
ghost, an orange demon, an anubis guard, a hellwing, 6 guardian mummies, an
ushabti, a spectral golden dragon, a spectral elf, a spectral titan, a blue
devil, a hungry ghost, a red devil, a death scarab, 8 mummies, a wight, a storm
dragon simulacrum, a storm dragon zombie, a golden dragon skeleton, an elf
skeleton, a spriggan skeleton and a tengu skeleton.

Vanquished Creatures
  the royal jelly (Slime:6)
  The ghost of M4edhros the Cloud Mage, a legendary OpAr of Fedhas (Hell)
  7 ancient liches
  13 pandemonium lords
  The ghost of wvc the Axe Maniac, a legendary MiWn of Cheibriados (Zig:21)
  Mara (Shoals:3)
  Mennas (Crypt:3)
  11 greater mummies
  Sojobo (Vaults:3)
  Norris (Vaults:1)
  Saint Roka (Orc:4)
  Vashnia (Snake:3)
  8 Killer Klowns (Zig:16)
  4 shard shrikes
  4 curse toes (Zig:20)
  A caustic shrike (Depths:4)
  Geryon (Hell)
  A golden dragon (shapeshifter) (Zig:16)
  Nikola (Depths:2)
  7 golden dragons
  Xtahua (Vaults:3)
  A profane servitor (Pan)
  4 bone dragons
  8 Brimstone Fiends
  An electric golem (Zig:7)
  9 Ice Fiends
  14 Hell Sentinels
  Rupert (Orc:4)
  11 tentacled monstrosities
  9 liches
  6 Shadow Fiends
  12 titans
  7 quicksilver dragons
  A quicksilver dragon (shapeshifter) (Zig:16)
  3 deep elf master archers
  7 deep elf blademasters
  55 acid blobs
  A kraken (Shoals:5)
  2 eldritch tentacles
  4 tentacled starspawn
  9 Executioners (Pan)
  5 ancient champions (Zig:13)
  2 thorn hunters (Zig:10)
  7 sphinxes
  8 octopode crushers
  5 shadow dragons
  Agnes (Elf:2)
  Kirke (Snake:1)
  A shadow dragon (shapeshifter) (Zig:16)
  3 storm dragons (shapeshifter) (Zig:16)
  6 storm dragons
  28 azure jellies
  68 greater nagas
  3 blood saints (Pan)
  7 draconian monks
  Roxanne (Snake:5)
  6 revenants
  An azure jelly (shapeshifter) (Vaults:5)
  10 tengu reavers
  12 fire giants
  Wiglaf (Snake:5)
  A daeva (Pan)
  2 fire giants (shapeshifter) (Zig:16)
  Donald (Orc:3)
  24 vault wardens
  A frost giant (shapeshifter) (Zig:16)
  5 deep elf sorcerers
  6 iron dragons
  6 frost giants
  5 draconian scorchers
  11 cacodemons (Pan)
  4 draconian knights
  7 warmongers
  Aizul (Snake:1)
  Louise (Elf:2)
  37 emperor scorpions
  8 curse skulls
  3 angels (Pan)
  10 balrugs
  12 ghost moths
  6 caustic shrike zombies
  20 orc warlords
  8 draconian zealots
  6 ghouls (Crypt:2)
  4 draconian shifters
  5 draconian annihilators (Zig:17)
  13 war gargoyles
  44 stone giants
  18 very ugly things
  4 caustic shrike skeletons
  34 reapers
  19 ironheart preservers
  10 rakshasas
  A spellforged servitor (Zig:4)
  5 salamander firebrands (Hell)
  7 draconian callers
  An ophan (Zig:17)
  7 bennus
  6 vampire knights
  Nessos (D:13)
  2 green draconians (Zig:17)
  6 chaos champions
  7 lorocyprocas
  14 deep elf demonologists
  6 black draconians (Zig:17)
  7 deep elf annihilators
  7 yellow draconians
  A spectral titan (Zig:20)
  5 mottled draconians
  8 eidola
  6 black suns
  6 corrupters
  4 red draconians (Zig:17)
  13 merfolk javelineers
  3 white draconians (Zig:17)
  9 deep elf death magi
  The ghost of Magnus the Protected, a powerful HuFi of the Shining One (Volcano)
  4 crystal guardians
  21 fire dragons
  4 quicksilver dragon zombies
  17 mummy priests
  12 ettins
  15 green deaths
  15 death oozes
  18 blizzard demons
  13 jiangshi
  9 merfolk impalers
  41 vault guards
  A minotaur (Lab)
  A spectral golden dragon (Zig:13)
  20 yaktaur captains
  A spectral tengu (Zig:13)
  19 entropy weavers
  An ice dragon (shapeshifter) (Depths:4)
  17 hydras
  15 ice dragons
  20 great orbs of eyes
  A ghost crab (Zig:10)
  11 deep elf high priests
  17 ogre magi
  6 death knights
  21 naga warriors
  A quicksilver dragon skeleton (Zig:20)
  8 monstrous demonspawn (Pan)
  11 centaur warriors
  4 spriggan air magi
  4 hell beasts
  8 alligator snapping turtles
  3 merfolk avatars
  14 merfolk aquamancers
  An alligator snapping turtle (shapeshifter) (Zig:2)
  18 anacondas
  A catoblepas (shapeshifter) (Zig:16)
  A satyr (Zig:26)
  5 death yaks (Lair:8)
  4 alligators
  15 dancing weapons
  3 catoblepae
  7 vampire magi
  A satyr (shapeshifter) (D:15)
  8 deep troll shamans
  2 tengu warriors
  9 titan zombies
  5 salamander stormcallers
  24 naga sharpshooters
  8 deep troll earth magi
  16 hell hogs
  A shock serpent (shapeshifter) (Depths:4)
  A spriggan berserker (Depths:4)
  23 orc high priests
  8 thrashing horrors
  23 hell knights
  23 small abominations
  2 fire crabs (shapeshifter)
  The ghost of Virusyak the Covert, an experienced OpBe of Trog (Lair:1)
  13 shock serpents
  5 death drakes
  5 iron golems
  5 storm dragon zombies
  15 sun demons
  6 wretched stars
  7 fire crabs
  15 soul eaters
  16 shadow wraiths
  An iron troll (shapeshifter) (Zig:16)
  37 skeletal warriors
  6 titan skeletons
  2 golden dragon zombies
  13 iron trolls
  9 infernal demonspawn (Pan)
  2 spatial maelstroms (Zig:17)
  33 deep elf knights
  6 storm dragon skeletons
  9 salamander mystics
  10 shadow demons
  13 swamp dragons
  4 unseen horrors
  14 sea snakes
  29 ice devils
  11 naga ritualists
  10 deep elf summoners
  3 spriggan druids (Zig:10)
  2 shambling mangroves (Zig:10)
  8 giant orange brains
  12 death scarabs
  8 hill giants
  9 gelid demonspawn (Pan)
  39 phantasmal warriors
  23 flayed ghosts
  4 ice statues
  2 deep trolls (shapeshifter)
  2 obsidian statues
  3 shadow dragon zombies
  A death drake (shapeshifter) (Vaults:5)
  3 deathcaps (Zig:20)
  4 torturous demonspawn
  10 anubis guards
  8 tengu zombies
  2 lindwurms (Zig:6)
  8 golden dragon skeletons
  32 shining eyes
  30 deep trolls
  7 wizards
  14 necromancers
  27 orc knights
  2 anaconda skeletons
  2 giant orange brains (shapeshifter)
  A wolf spider zombie (D:13)
  16 harpies
  2 iron dragon zombies
  30 ironbrand convokers
  A lindwurm (shapeshifter) (Depths:1)
  17 deep elf conjurers
  19 wolf spiders
  6 sphinx zombies
  29 sixfirhies
  4 putrid demonspawn (Pan)
  3 fire giant zombies
  16 griffons
  25 hornets
  20 salamanders
  4 frost giant zombies
  3 shadow dragon skeletons
  A wolf spider (shapeshifter) (Vaults:5)
  13 orb spiders
  A shining eye (shapeshifter) (Depths:1)
  26 mana vipers
  39 ugly things
  5 spectral elves
  6 tengu skeletons
  3 sphinx skeletons
  A stone giant zombie (Crypt:3)
  2 moths of wrath (shapeshifter)
  39 guardian serpents
  30 vault sentinels
  3 iron dragon skeletons
  13 orc sorcerers
  8 draconian zombies (Zig:17)
  An octopode (shapeshifter) (Depths:4)
  16 manticores
  6 fauns (Shoals:2)
  4 oklob plants
  85 black mambas
  3 worldbinders
  2 toenail golems (Volcano)
  2 elephants (shapeshifter)
  8 water nymphs
  A water nymph (shapeshifter) (Depths:1)
  10 elephants
  17 moths of wrath
  25 spiny frogs
  2 centaur zombies
  5 spriggan zombies
  8 fire giant skeletons
  A molten gargoyle (Hell)
  13 rust devils
  10 cyclopes
  A shock serpent zombie (Hell)
  A black mamba (shapeshifter) (Depths:1)
  15 sirens
  2 dire elephant zombies (Hell)
  3 drowned souls (Shoals:5)
  7 apocalypse crabs
  2 frost giant skeletons
  5 torpor snails
  2 stone giant skeletons
  2 guardian serpents (shapeshifter)
  29 orange demons
  2 storm dragon simulacra (Zig:21)
  25 hellions
  2 demonspawn skeletons
  27 naga magi
  5 spriggan skeletons
  9 gargoyles
  20 smoke demons
  2 kobold demonologists
  3 black draconian zombies (Zig:17)
  13 komodo dragons
  A mottled draconian zombie (Zig:17)
  4 efreet
  8 eyes of devastation
  A spectral glowing shapeshifter (Zig:13)
  83 yaktaurs
  A catoblepas zombie (Crypt:2)
  A shock serpent skeleton (Crypt:1)
  37 blue devils
  A death yak zombie (Crypt:1)
  21 hellwings
  19 deep elf priests
  6 tengu conjurers
  12 tormentors
  A red draconian zombie (Zig:17)
  2 yaktaurs (shapeshifter)
  A fire drake (shapeshifter) (Vaults:5)
  2 queen bees (shapeshifter)
  2 ancient zymes
  19 guardian mummies
  A mottled draconian skeleton (Crypt:1)
  A yaktaur skeleton (Depths:1)
  A pale draconian skeleton (Crypt:2)
  A red draconian skeleton (Crypt:2)
  18 demonic crawlers
  15 fire drakes
  19 red devils
  A spectral harpy (Crypt:3)
  7 fire vortices
  28 freezing wraiths
  16 wandering mushrooms
  A merfolk (shapeshifter) (Depths:1)
  4 silent spectres
  A komodo dragon (shapeshifter) (D:15)
  A hydra zombie (Hell)
  17 jumping spiders
  7 polar bears
  6 trolls (shapeshifter)
  25 two-headed ogres
  7 giant leeches
  6 wind drakes
  45 merfolk
  5 trolls
  10 boulder beetles
  Grinder (D:3)
  38 blink frogs
  9 raiju
  172 slime creatures
  9 ushabtiu
  A harpy skeleton (Crypt:3)
  2 trapdoor spider zombies (D:12)
  11 bog bodies
  An iron dragon simulacrum (Abyss:1)
  2 raiju (shapeshifter) (Depths:4)
  14 ravens
  10 trapdoor spiders
  An ettin zombie (Crypt:2)
  22 shadows
  A hornet zombie (Crypt:1)
  6 air elementals
  9 fire dragon skeletons (Crypt:3)
  19 tarantellas
  44 deep elf magi
  28 ynoxinuls
  Sigmund (D:4)
  10 snapping turtles
  50 flying skulls
  28 redbacks
  A spriggan (Depths:4)
  9 fire bats
  A fire elemental (Hell)
  2 tarantellas (shapeshifter)
  38 deep elf fighters
  25 wraiths
  An ettin skeleton (Zig:4)
  5 hogs (Snake:1)
  17 vampires
  28 water elementals
  A wyvern (shapeshifter) (Zig:16)
  9 hungry ghosts
  21 golden eyes
  5 vampire mosquitoes
  46 yaks
  2 steam dragons (Zig:11)
  3 basilisks
  4 wyverns
  16 elf skeletons
  A hippogriff (shapeshifter) (Vaults:5)
  4 spatial vortices (WizLab)
  17 hippogriffs
  19 neqoxecs
  Menkaure (D:5)
  39 large abominations
  10 wolves
  47 nagas
  15 wargs
  A soldier ant (D:13)
  7 insubstantial wisps
  A raven skeleton (Crypt:1)
  A hydra simulacrum (Hell)
  16 chaos spawn
  A raven zombie (Crypt:1)
  69 orc warriors
  5 spiny frog zombies
  A soldier ant (shapeshifter) (D:15)
  5 mottled dragons
  A deep dwarf (shapeshifter) (Depths:4)
  Duvessa (D:7)
  55 water moccasins
  A dwarf (shapeshifter) (Vaults:2)
  A mottled dragon (shapeshifter) (Zig:16)
  10 porcupines
  8 phantoms
  A fire dragon simulacrum (Crypt:3)
  6 spiders
  A spiny frog skeleton (Hell)
  8 swamp drakes
  4 wasps
  6 hell hounds
  24 eyes of draining
  12 necrophages
  A swamp dragon zombie (Crypt:3)
  5 black bears
  2 boring beetles
  2 manticore zombies
  4 sky beasts
  An eye of draining (shapeshifter) (Elf:3)
  73 ogres
  13 boggarts
  An orc skeleton (WizLab)
  A fire drake zombie (Crypt:2)
  12 ice beasts
  2 elf simulacra (Zig:20)
  20 crocodiles
  A snapping turtle skeleton (Crypt:1)
  24 centaurs
  3 lost souls
  A boring beetle (shapeshifter) (Vaults:5)
  33 giant frogs
  A yaktaur zombie (Crypt:2)
  3 big kobolds
  2 brain worms
  A vine stalker skeleton (Crypt:2)
  A gnoll sergeant (D:8)
  A spiny frog simulacrum (Hell)
  3 earth elementals
  16 elf zombies
  Dowan (D:7)
  A scorpion (shapeshifter) (Zig:16)
  12 scorpions
  A troll skeleton (Crypt:2)
  7 killer bees
  A snapping turtle simulacrum (Crypt:2)
  6 electric eels
  39 wights
  A yak skeleton (Crypt:1)
  3 hounds
  2 human zombies
  17 starcursed masses
  A human simulacrum (Vaults:2)
  117 jellies
  48 orc priests
  A basilisk zombie (Crypt:2)
  7 quasits
  Crazy Yiuf (D:5)
  16 crimson imps
  A human skeleton (Crypt:2)
  13 iron imps
  3 giant frog skeletons
  3 centaur skeletons
  17 hell rats
  6 iguanas
  18 worker ants
  29 orc wizards
  14 sheep
  A lightning spire (Zig:27)
  A crocodile zombie (Crypt:1)
  A hound zombie (Crypt:2)
  A naga skeleton (Crypt:1)
  2 hound skeletons
  2 worker ant zombies
  35 mummies
  14 gnolls
  11 adders
  43 river rats
  14 shadow imps
  44 white imps
  42 ufetubi
  16 oozes
  2 adder zombies (D:7)
  A lava snake zombie (Crypt:1)
  An adder skeleton (D:9)
  9 worms
  8 giant geckos
  345 orcs
  25 bats
  A bat skeleton (D:7)
  A bat zombie (D:6)
  5 giant cockroaches
  A giant cockroach (shapeshifter) (Zig:16)
  34 hobgoblins
  18 jackals
  36 kobolds
  3 ball pythons
  11 giant newts
  A giant spore (D:11)
  45 goblins
  An orc zombie (Crypt:3)
  8 quokkas
  A quokka skeleton (D:3)
  33 rats
  9 ballistomycetes
  3 bushes (D:14)
  A butterfly (Zig:16)
  11 crawling corpses
  6 fungi
  6 grand avatars (Pan)
  34 plants
  4 starspawn tentacles
  4 tentacles (Shoals:5)
5899 creatures vanquished.

Vanquished Creatures (collateral kills)
  An ancient lich (Crypt:3)
  2 greater mummies (Zig:21)
  A curse toe (Zig:8)
  A golden dragon (Depths:4)
  A pandemonium lord (Pan)
  Jorgrun (Snake:2)
  2 acid blobs (Zig:25)
  An octopode crusher (Zig:26)
  An eldritch tentacle (Crypt:3)
  A revenant (Zig:13)
  Ilsuiw (Shoals:5)
  11 greater nagas
  A ghost moth (Zig:15)
  3 caustic shrike zombies
  An emperor scorpion (Zig:21)
  A reaper (Zig:21)
  A spriggan defender (Depths:4)
  A caustic shrike skeleton (Zig:21)
  A deep elf annihilator (Vaults:5)
  A blizzard demon (Pan)
  2 merfolk javelineers (Zig:26)
  A mummy priest (Zig:21)
  2 green deaths (Zig:10)
  2 great orbs of eyes
  A naga warrior (Zig:12)
  An anaconda (Zig:26)
  A merfolk aquamancer (Zig:26)
  2 orc high priests (Zig:27)
  A naga sharpshooter (Zig:24)
  2 soul eaters
  A death scarab (Zig:21)
  2 iron trolls (Zig:27)
  5 skeletal warriors
  A shadow wraith (Crypt:3)
  A deep elf knight (D:15)
  A spriggan druid (Zig:10)
  A swamp dragon (Zig:26)
  An anubis guard (Zig:21)
  A shambling mangrove (Zig:10)
  An orb spider (Zig:17)
  A lindwurm (shapeshifter) (D:15)
  2 phantasmal warriors (Crypt:3)
  A hornet (shapeshifter) (Depths:4)
  2 mana vipers
  A shining eye (Zig:25)
  A tengu skeleton (Zig:21)
  A moth of wrath (Zig:15)
  2 sixfirhies
  A salamander (shapeshifter) (Depths:4)
  3 slime creatures
  An iron dragon skeleton (Zig:23)
  2 guardian serpents
  An orange demon (Pan)
  A spriggan zombie (Zig:21)
  3 water elementals
  A fire giant skeleton (Crypt:3)
  A black mamba (Zig:12)
  A spiny frog (Zig:10)
  An elf (shapeshifter) (Depths:4)
  3 guardian mummies
  A freezing wraith (Zig:20)
  An elf skeleton (Zig:22)
  3 blue devils
  A wind drake (Shoals:3)
  A harpy skeleton (Crypt:3)
  A giant leech (shapeshifter) (Depths:4)
  A blink frog (Zig:10)
  2 jumping spiders (Zig:26)
  A boulder beetle (Zig:17)
  A wraith (Crypt:3)
  3 spriggans
  A tarantella (Zig:15)
  3 shadows
  2 water moccasins
  An insubstantial wisp (Zig:10)
  A swamp drake (Zig:10)
  A naga (Zig:14)
  An eye of draining (Zig:25)
  A necrophage (Zig:8)
  A phantom (Zig:8)
  2 wasps
  A lost soul (Crypt:3)
  3 starcursed masses (Zig:17)
  A jelly (Zig:25)
  4 mummies
  A shadow imp (Zig:8)
  An orc (Zig:27)
  A hobgoblin (Zig:27)
  A plant (Crypt:3)
137 creatures vanquished.

Vanquished Creatures (others)
  A greater mummy (Zig:20)
  A golden dragon (Zig:19)
  A titan (Zig:19)
  An octopode crusher (Zig:26)
  A tengu reaver (Zig:19)
  2 daevas
  3 emperor scorpions (Zig:21)
  3 angels
  A bennu (Zig:20)
  A merfolk javelineer (Zig:14)
  A deep elf high priest (Elf:3)
  A death knight (Zig:13)
  A salamander stormcaller (Zig:18)
  A deep elf summoner (Elf:3)
  An ice statue (Crypt:2)
  8 air elementals
  A phantasmal warrior (Zig:18)
  An iron dragon zombie (Zig:23)
  2 draconian zombies (Zig:17)
  A sphinx skeleton (Zig:18)
  2 drowned souls (Shoals:5)
  3 vault sentinels (Zig:19)
  A siren (Zig:9)
  2 guardian serpents (Snake:5)
  39 fire elementals
  2 spiny frogs (Zig:10)
  2 fire drakes
  A hellwing (Zig:9)
  A yaktaur (Vaults:5)
  An entropy weaver zombie (Depths:1)
  A deep elf priest (Zig:18)
  40 water elementals
  A freezing wraith (Zig:19)
  2 fire vortices (D:11)
  A giant leech (Zig:10)
  2 flying skulls
  A deep elf fighter (Elf:1)
  3 deep elf magi
  A neqoxec (Pan)
  A human (Snake:1)
  A steam dragon (Zig:11)
  A human zombie (Zig:8)
  2 water moccasins
  2 swamp drakes (Zig:10)
  2 small abominations
  A wasp (Shoals:3)
  8 lost souls
  4 killer bees
  2 starcursed masses (Zig:17)
  A worker ant (Shoals:3)
  4 ufetubi
  2 giant spores
  3 bushes (Zig:21)
  A crawling corpse (Zig:18)
  2970 eldritch tentacle segments
  6 fungi (Lair:8)
  5 plants
  10 starspawn tentacles
  11 starspawn tentacle segments (WizLab)
  5 tentacles (Shoals:5)
  426 tentacle segments (Shoals:5)
3607 creatures vanquished.

Grand Total: 9643 creatures vanquished

Notes
Turn   | Place    | Note
--------------------------------------------------------------
     0 | D:1      | BluebellGnoll, the Minotaur Gladiator, began the quest for the Orb.
     0 | D:1      | Reached XP level 1. HP: 18/18 MP: 0/0
    15 | D:1      | Reached skill level 4 in Axes
    64 | D:1      | Reached XP level 2. HP: 23/25 MP: 1/1
   649 | D:1      | Reached skill level 5 in Axes
   798 | D:1      | Reached XP level 3. HP: 30/30 MP: 2/2
  1237 | D:2      | Reached XP level 4. HP: 26/40 MP: 3/3
  2239 | D:3      | Noticed Grinder
  2267 | D:3      | Paralysed by Grinder for 5 turns
  2278 | D:3      | Killed Grinder
  2278 | D:3      | Reached skill level 7 in Axes
  2278 | D:3      | Reached XP level 5. HP: 47/47 MP: 4/4
  2278 | D:3      | Reached XP level 6. HP: 53/53 MP: 5/5
  2912 | D:3      | Reached skill level 1 in Armour
  3356 | D:4      | HP: 2/53 [ogre/giant spiked club (24)]
  3361 | D:4      | Reached XP level 7. HP: 3/60 MP: 6/6
  3815 | D:4      | Reached skill level 5 in Armour
  4030 | D:4      | Noticed Sigmund
  4055 | D:4      | Killed Sigmund
  4165 | D:4      | Found a blossoming altar of Fedhas.
  4320 | D:5      | Entered Level 5 of the Dungeon
  4320 | D:5      | Found a staircase to the Ecumenical Temple.
  4329 | D:5      | Reached skill level 8 in Axes
  4345 | D:5      | Reached XP level 8. HP: 63/67 MP: 7/7
  4358 | Temple   | Entered the Ecumenical Temple
  4438 | Temple   | Became a worshipper of the Shining One
  4695 | D:5      | Noticed Menkaure
  4724 | D:4      | Reached skill level 9 in Axes
  4781 | D:5      | Killed Menkaure
  4971 | D:5      | Noticed Crazy Yiuf
  4992 | D:5      | Killed Crazy Yiuf
  4992 | D:5      | Reached skill level 10 in Axes
  5259 | D:6      | You fall through a shaft for 3 floors!
  5294 | D:9      | Found a shadowy altar of Dithmenos.
  5302 | D:9      | Reached skill level 5 in Fighting
  5422 | D:7      | Found a sacrificial altar of Ru.
  5427 | D:7      | Found a basalt altar of Yredelemnul.
  5673 | D:6      | Found a radiant altar of Vehumet.
  5673 | D:6      | Found a white marble altar of Elyvilon.
  6093 | D:7      | Acquired the Shining One's first power
  6110 | D:7      | Found a bloodstained altar of Trog.
  6153 | D:7      | Reached XP level 9. HP: 74/80 MP: 8/8
  6398 | D:6      | Found a stormy altar of Qazlal.
  6403 | D:6      | Found a glowing golden altar of the Shining One.
  6974 | D:7      | Noticed Duvessa
  6974 | D:7      | Noticed Dowan
  6981 | D:7      | Killed Dowan
  6989 | D:7      | Killed Duvessa
  7157 | D:8      | Found a glowing silver altar of Zin.
  7238 | D:8      | Found an ancient bone altar of Kikubaaqudgha.
  7296 | D:8      | Found a staircase to the Lair.
  7310 | D:8      | Reached skill level 10 in Fighting
  7327 | D:8      | Reached skill level 11 in Fighting
  7635 | D:8      | Found an iron altar of Okawaru.
  7932 | D:8      | Acquired the Shining One's second power
  8195 | D:9      | Reached XP level 10. HP: 31/97 MP: 9/9
  8413 | D:9      | Found a staircase to the Orcish Mines.
  8535 | D:9      | Found an opulent altar of Gozag.
  9143 | D:10     | Entered Level 10 of the Dungeon
  9207 | D:10     | Noticed a hill giant
  9219 | D:10     | Killed a hill giant
  9219 | D:10     | Reached skill level 12 in Axes
  9595 | D:10     | Noticed a hill giant
  9605 | D:10     | Killed a hill giant
  9605 | D:10     | Reached skill level 13 in Axes
 10237 | Lair:1   | Entered Level 1 of the Lair of Beasts
 10661 | Lair:1   | Noticed a black mamba
 10671 | Lair:1   | Killed a black mamba
 10671 | Lair:1   | Reached XP level 11. HP: 87/104 MP: 10/10
 10718 | Lair:1   | Noticed Virusyak's ghost (experienced OpBe)
 10732 | Lair:1   | Killed Virusyak's ghost
 10732 | Lair:1   | Reached skill level 14 in Axes
 11177 | Lair:1   | Reached skill level 5 in Throwing
 11276 | D:11     | Found a staircase to the Orcish Mines.
 11405 | D:11     | Reached skill level 1 in Invocations
 11516 | D:11     | Identified a scroll of acquirement
 11523 | D:11     | Found a snail-covered altar of Cheibriados.
 11536 | D:11     | Acquired the Shining One's third power
 11952 | D:12     | Noticed a skeletal warrior
 11978 | D:12     | Killed a skeletal warrior
 12121 | D:12     | Found an ancient bone altar of Kikubaaqudgha.
 12219 | D:12     | Reached skill level 10 in Armour
 12355 | D:12     | Reached skill level 5 in Invocations
 12399 | D:12     | Noticed a skeletal warrior
 12399 | D:12     | Noticed a skeletal warrior
 12416 | D:12     | Noticed a skeletal warrior
 12417 | D:12     | Noticed a skeletal warrior
 12419 | D:12     | Killed a skeletal warrior
 12435 | D:12     | Killed a skeletal warrior
 12443 | D:12     | Killed a skeletal warrior
 12455 | D:12     | Killed a skeletal warrior
 12455 | D:12     | Reached XP level 12. HP: 86/112 MP: 15/15
 12571 | D:12     | Noticed an unseen horror
 12575 | D:12     | Killed an unseen horror
 12576 | D:12     | Acquired the Shining One's fourth power
 12641 | D:12     | Noticed a tengu warrior
 12643 | D:12     | Noticed a centaur warrior
 12655 | D:12     | Killed a tengu warrior
 12658 | D:12     | Killed a centaur warrior
 12716 | D:12     | Identified the Reference Book on Attacks
 13242 | D:13     | Found a frozen archway.
 13296 | IceCv    | Entered an ice cave
 13405 | IceCv    | Reached skill level 15 in Armour
 13515 | IceCv    | Reached skill level 15 in Axes
 13763 | D:13     | Noticed a vault guard
 13764 | D:13     | Found a gate to the Vaults.
 13773 | D:13     | Noticed a five-headed hydra
 13780 | D:13     | Killed a vault guard
 13783 | D:13     | Killed a ten-headed hydra
 13783 | D:13     | Reached skill level 16 in Armour
 13783 | D:13     | Reached XP level 13. HP: 19/117 MP: 17/17
 14141 | D:13     | Noticed Nessos
 14149 | D:13     | Killed Nessos
 14318 | D:13     | Gained mutation: You are clumsy. (Dex -2) [a neqoxec]
 14605 | D:13     | Noticed a centaur warrior
 14613 | D:13     | Killed a centaur warrior
 15595 | Lair:2   | Reached skill level 17 in Axes
 16658 | Lair:3   | Reached skill level 1 in Evocations
 17035 | Lair:4   | Found a staircase to the Snake Pit.
 17044 | Lair:4   | Reached skill level 5 in Evocations
 17822 | Lair:5   | Reached XP level 14. HP: 120/125 MP: 18/18
 17911 | Lair:5   | Found a staircase to the Shoals.
 18282 | Lair:6   | Found a dark tunnel.
 18302 | Volcano  | Entered a volcano
 18312 | Volcano  | Noticed Magnus's ghost (powerful HuFi)
 18325 | Volcano  | Killed Magnus's ghost
 18654 | Lair:6   | Found a staircase to the Slime Pits.
 18807 | Lair:6   | Learned a level 1 spell: Apportation
 19944 | Lair:7   | Reached skill level 10 in Evocations
 20612 | Lair:8   | Entered Level 8 of the Lair of Beasts
 20696 | Lair:8   | Found a labyrinth entrance.
 20735 | Lab      | Entered a labyrinth
 20736 | Lab      | Upgraded the game from 0.17-a0-688-g21a41e9 to 0.17-a0-719-g32c6a46
 22894 | Lab      | Got a flickering lapis lazuli ring
 22894 | Lab      | Got a heavily runed gossamer ring
 23074 | Lair:2   | Identified the ring of Mioge {Fire rN+} (You found it in a labyrinth)
 23076 | Lair:2   | Identified the ring of the Scavenger {MR+ Str+4 Dex+4} (You found it in a labyrinth)
 23085 | Lair:2   | Identified a +5 rod of the swarm (11/11) (You found it in a labyrinth)
 23086 | Lair:2   | Identified a +5 rod of inaccuracy (14/14) (You found it in a labyrinth)
 23189 | Orc:1    | Entered Level 1 of the Orcish Mines
 23851 | Orc:2    | Found Weh Feapp's Jewellery Boutique.
 23945 | Orc:2    | Bought an uncursed amulet of the gourmand for 300 gold pieces
 24474 | Orc:3    | Noticed Donald
 24482 | Orc:3    | Killed Donald
 25047 | Orc:4    | Entered Level 4 of the Orcish Mines
 25059 | Orc:4    | Noticed Saint Roka
 25418 | Orc:4    | Killed Saint Roka
 25564 | Orc:4    | Noticed Rupert
 25577 | Orc:4    | Killed Rupert
 26022 | Orc:4    | Reached XP level 15. HP: 138/138 MP: 22/22
 26282 | Orc:4    | Reached skill level 15 in Fighting
 26437 | Orc:4    | Found Diusch's Antique Weapon Boutique.
 26437 | Orc:4    | Found Giqaopa's General Store.
 26437 | Orc:4    | Found Fastrihap's Antique Armour Shop.
 26438 | Orc:4    | Found Jot Icva's Assorted Antiques.
 26450 | Orc:4    | Bought an ancient plate armour for 840 gold pieces
 26452 | Orc:4    | Bought a square blue amulet for 115 gold pieces
 26452 | Orc:4    | Bought a scroll of identify for 46 gold pieces
 26453 | Orc:4    | Bought a meat ration for 60 gold pieces
 26483 | Orc:4    | Identified the cursed +0 plate armour "Paloshol" {rN+ MP+9 Str+3 Int-4} (You bought it in a shop on level 4 of the Orcish Mines)
 26644 | Orc:4    | Found a staircase to the Elven Halls.
 27056 | Shoals:1 | Entered Level 1 of the Shoals
 28057 | D:14     | Found a blossoming altar of Fedhas.
 28395 | D:15     | Entered Level 15 of the Dungeon
 29123 | D:15     | Reached skill level 10 in Invocations
 29363 | D:15     | Found a glowing golden altar of the Shining One.
 29550 | D:15     | Found a staircase to the Depths.
 29726 | Depths:1 | Entered Level 1 of the Depths
 29726 | Depths:1 | Found a portal to a secret trove of treasure.
 29743 | D:15     | HP: 5/141 [entropy weaver (10)]
 29743 | D:15     | The Shining One protects you from harm!
 30307 | Depths:1 | Reached XP level 16. HP: 116/149 MP: 24/24
 30324 | Depths:1 | Gained mutation: You are dopey. (Int -2) [a shining eye]
 30496 | Depths:1 | Found a gateway to Hell.
 30807 | Depths:1 | Found a one-way gate leading to the halls of Pandemonium.
 30960 | Depths:1 | Found a runed door.
 31392 | Orc:4    | Bought the -2 hat of the Alchemist {rElec rPois rF+ rC+ rN+ MR+ rMut rCorr} for 1085 gold pieces
 31669 | Snake:1  | Entered Level 1 of the Snake Pit
 31884 | Snake:1  | Noticed Aizul
 31900 | Snake:1  | Killed Aizul
 32196 | Snake:1  | Noticed Kirke
 32211 | Snake:1  | Killed Kirke
 32420 | Snake:2  | Noticed Jorgrun
 32429 | Snake:2  | Killed Jorgrun
 32463 | Snake:2  | Found an ancient bone altar of Kikubaaqudgha.
 32505 | Snake:2  | Found Ujiomige's Book Boutique.
 32526 | Snake:2  | Reached skill level 15 in Invocations
 32992 | Snake:3  | Noticed Vashnia
 33012 | Snake:3  | Killed Vashnia
 34614 | Snake:4  | Gained mutation: You passively map a small area around you. [potion of beneficial mutation]
 34995 | Snake:4  | Reached XP level 17. HP: 142/158 MP: 27/27
 35447 | Snake:5  | Entered Level 5 of the Snake Pit
 35772 | Snake:4  | HP: 8/162 [poisoned by a naga ritualist (splash of poison)]
 35777 | Snake:4  | HP: 7/162 [poisoned by a naga ritualist (splash of poison)]
 35782 | Snake:4  | HP: 7/162 [poisoned by a naga ritualist (splash of poison)]
 35889 | Snake:4  | HP: 5/162 [salamander/enchanted glaive (10)]
 35889 | Snake:4  | HP: 1/162 [salamander/enchanted glaive (4)]
 36159 | Snake:5  | Reached skill level 18 in Fighting
 36525 | Snake:5  | Noticed Roxanne
 36583 | Snake:5  | Reached skill level 19 in Fighting
 36971 | Snake:5  | Killed Roxanne
 37304 | Snake:5  | Reached skill level 20 in Fighting
 37304 | Snake:5  | Reached XP level 18. HP: 102/178 MP: 25/29
 37312 | Snake:5  | HP: 5/178 [greater naga/bolt of poison (5)]
 37313 | Snake:5  | The Shining One protects you from harm!
 37923 | Snake:5  | Identified Roxanne's Handbook of Mutagenic Earth (You took it off Roxanne on level 5 of the Snake Pit)
 38020 | Snake:5  | Got a serpentine rune of Zot
 38175 | Snake:5  | Noticed Wiglaf
 38189 | Snake:5  | Killed Wiglaf
 38681 | Elf:1    | Entered Level 1 of the Elven Halls
 38691 | Orc:4    | Reached skill level 21 in Fighting
 38782 | Elf:1    | Got a fine wooden ring
 38784 | Elf:1    | Identified the ring of Dysaj {rC+ Stlth+} (You found it on level 1 of the Elven Halls)
 38834 | Elf:1    | Found Toezxa's Gadget Shop.
 38889 | Elf:1    | Found Keve Wac's Magic Scroll Emporium.
 38905 | Elf:1    | Bought a scroll of brand weapon for 260 gold pieces
 38920 | Elf:1    | Found Waevvov's Antique Armour Boutique.
 39042 | Elf:1    | Found Dostamose's General Store.
 39050 | Elf:1    | Bought a potion of heal wounds for 80 gold pieces
 39627 | Elf:2    | Noticed Louise
 39645 | Elf:2    | Killed Louise
 39760 | Elf:2    | Found a runed gate.
 39760 | Elf:2    | Found a runed gate.
 39763 | Elf:2    | Found a runed gate.
 40559 | Elf:2    | Noticed Agnes
 40564 | Elf:2    | Killed Agnes
 41211 | Elf:3    | Entered Level 3 of the Elven Halls
 41241 | Elf:3    | Found a magical portal.
 41253 | WizLab   | Entered The Roulette of Golubria
 41255 | WizLab   | Found a corrupted altar of Lugonu.
 41946 | WizLab   | Reached XP level 19. HP: 109/191 MP: 30/30
 42004 | WizLab   | Got a crude cloak
 42005 | WizLab   | Identified the +2 cloak of the Other Side {rF+} (You found it in a wizard's laboratory)
 42061 | WizLab   | Got a polished cloak
 42072 | WizLab   | Identified the +2 cloak of Pivoanolaz {MR- rCorr Slay+3 Stlth+} (You found it in a wizard's laboratory)
 42130 | WizLab   | Found a corrupted altar of Lugonu.
 42267 | WizLab   | Learned a level 2 spell: Blink
 42270 | WizLab   | Learned a level 2 spell: Shroud of Golubria
 42349 | WizLab   | Found a corrupted altar of Lugonu.
 43042 | Shoals:1 | Found a white marble altar of Elyvilon.
 43573 | Shoals:2 | Got a coiled amber ring
 43586 | Shoals:2 | Identified the ring "Qacoy" {rC+ Int+3} (You found it on level 2 of the Shoals)
 44292 | Shoals:3 | Noticed Mara
 44304 | Shoals:3 | Noticed BluebellGnoll's illusion
 44336 | Shoals:2 | HP: 9/191 [merfolk/enchanted trident (13)]
 44347 | Shoals:2 | HP: 7/191 [merfolk aquamancer/great wave of water (6)]
 44716 | Shoals:3 | Noticed BluebellGnoll's illusion
 44718 | Shoals:3 | Killed Mara
 45815 | Shoals:4 | Found Fustapp's Antique Armour Emporium.
 45859 | Shoals:4 | Found Lyomn's Jewellery Shop.
 46253 | Shoals:5 | Entered Level 5 of the Shoals
 46257 | Shoals:5 | Found Tyef's Antique Armour Shop.
 46429 | Shoals:5 | Got a barnacled rune of Zot
 47359 | Shoals:5 | Noticed Ilsuiw
 47678 | Shoals:5 | Killed Ilsuiw
 48864 | Lair:8   | Reached XP level 20. HP: 199/199 MP: 31/31
 48944 | Slime:1  | Entered Level 1 of the Pits of Slime
 49990 | Slime:2  | Gained mutation: Your magical capacity is low (-10% MP). [a shining eye]
 50684 | Slime:5  | Reached skill level 10 in Throwing
 51392 | Slime:6  | Entered Level 6 of the Pits of Slime
 52606 | Slime:6  | Found a viscous altar of Jiyva.
 52609 | Slime:6  | Noticed the royal jelly
 52627 | Slime:6  | Killed the royal jelly
 52689 | Slime:6  | Reached XP level 21. HP: 131/204 MP: 29/29
 53250 | Slime:6  | Got a fine bone ring
 53252 | Slime:6  | Got a slimy rune of Zot
 53254 | Slime:6  | Got a flickering platinum ring
 53326 | Slime:6  | Got a twitching tin ring
 53370 | Slime:6  | Identified Pooticru's Tome of Fiery Attacks
 53385 | Slime:6  | Identified the ring "Cajyhuma" {SustAb rC- rN+ MR+++ Dex-5} (You found it on level 6 of the Pits of Slime)
 53386 | Slime:6  | Identified the ring "Lyttoirch" {rF+ rC++ MP+9} (You found it on level 6 of the Pits of Slime)
 53398 | Slime:6  | Identified the Handbook of Arcane Weapons and Lightness (You found it on level 6 of the Pits of Slime)
 53401 | Slime:6  | Got a slimy double sword
 53585 | Lair:6   | Identified the ring of the Jolly Orbs {MP+9 Str+5 Dex+4} (You found it on level 6 of the Pits of Slime)
 54787 | Vaults:1 | Entered Level 1 of the Vaults
 55199 | Vaults:1 | Reached skill level 15 in Throwing
 55996 | Vaults:1 | Noticed Norris
 56008 | Vaults:1 | Killed Norris
 57520 | Vaults:2 | Found Bios's Gadget Boutique.
 58267 | Vaults:3 | Reached XP level 22. HP: 179/212 MP: 30/30
 58501 | Vaults:3 | Found a staircase to the Crypt.
 58675 | Vaults:3 | Noticed Xtahua
 58698 | Vaults:3 | Killed Xtahua
 59407 | Vaults:3 | Noticed Sojobo
 59426 | Vaults:3 | Killed Sojobo
 59430 | Vaults:3 | Reached skill level 22 in Axes
 59640 | Vaults:3 | Found a roughly hewn altar of Beogh.
 59898 | Vaults:4 | Gained mutation: You are somewhat resistant to further mutation. [potion of beneficial mutation]
 60540 | Vaults:4 | Reached skill level 23 in Axes
 61741 | D:13     | Upgraded the game from 0.17-a0-719-g32c6a46 to 0.17-a0-737-gf0a300a
 62300 | Lair:8   | Reached skill level 24 in Axes
 62358 | Lair:8   | Identified Ozocubu's Compendium of Snow
 63036 | Depths:1 | Reached XP level 23. HP: 220/220 MP: 31/31
 63234 | Depths:1 | Noticed a sphinx
 63243 | Depths:1 | Killed a sphinx
 63290 | Depths:1 | Noticed a tengu reaver
 63300 | Depths:1 | Killed a tengu reaver
 63705 | Depths:1 | Noticed a lich
 63718 | Depths:1 | Killed a lich
 63852 | Depths:1 | Found a roughly hewn altar of Beogh.
 65381 | Vaults:5 | Entered Level 5 of the Vaults
 65730 | Vaults:5 | Reached skill level 25 in Armour
 65887 | Vaults:5 | Identified Tawuvvade's Catalogue of Feathery Arcane Weapons
 66583 | D:13     | Identified a +2 rod of ignition (12/12) (You found it on level 5 of the Vaults)
 67015 | Vaults:5 | Reached skill level 26 in Armour
 67216 | Vaults:5 | Reached XP level 24. HP: 186/229 MP: 31/31
 67333 | Vaults:5 | Reached skill level 27 in Armour
 67609 | Vaults:5 | Reached skill level 5 in Dodging
 67770 | Vaults:5 | Found Beulahiu's Magic Scroll Shop.
 67770 | Vaults:5 | Found Delaucw's Magic Scroll Emporium.
 67801 | Vaults:5 | Bought a scroll of teleportation for 51 gold pieces
 67801 | Vaults:5 | Bought a scroll of teleportation for 51 gold pieces
 67806 | Vaults:5 | Found Yhyfik's Food Boutique.
 67815 | Vaults:5 | Bought a bread ration for 55 gold pieces
 67815 | Vaults:5 | Bought a bread ration for 55 gold pieces
 67815 | Vaults:5 | Bought a bread ration for 55 gold pieces
 67815 | Vaults:5 | Bought a bread ration for 55 gold pieces
 67824 | Vaults:5 | Found Renixkee's Distillery.
 67894 | Vaults:5 | HP: 3/231 [stone giant/large rock (23)]
 67894 | Vaults:5 | The Shining One protects you from harm!
 67894 | Vaults:5 | HP: 1/231 [vault warden/bolt (2)]
 68299 | Vaults:5 | Reached skill level 10 in Dodging
 68395 | Vaults:5 | Bought a potion of heal wounds for 75 gold pieces
 68395 | Vaults:5 | Bought a potion of heal wounds for 75 gold pieces
 68395 | Vaults:5 | Bought a potion of agility for 60 gold pieces
 68477 | Vaults:5 | Found Qagyxim's Food Boutique.
 68481 | Vaults:5 | Got a silver rune of Zot
 68496 | Vaults:5 | Found Murgh's Food Boutique.
 68496 | Vaults:5 | Found Usiycreduve's Distillery.
 68500 | Vaults:5 | Bought a bread ration for 50 gold pieces
 68500 | Vaults:5 | Bought a bread ration for 50 gold pieces
 68509 | Vaults:5 | Bought a potion of haste for 150 gold pieces
 68509 | Vaults:5 | Bought a potion of haste for 150 gold pieces
 68513 | Vaults:5 | Found Buulaod's Food Shop.
 68517 | Vaults:5 | Bought a bread ration for 50 gold pieces
 68517 | Vaults:5 | Bought a bread ration for 50 gold pieces
 68517 | Vaults:5 | Bought a bread ration for 50 gold pieces
 68517 | Vaults:5 | Bought a bread ration for 50 gold pieces
 68517 | Vaults:5 | Bought a bread ration for 50 gold pieces
 68517 | Vaults:5 | Bought a bread ration for 50 gold pieces
 68783 | Vaults:5 | Identified the Disquisition on Icy Enchantment (You found it on level 5 of the Vaults)
 69476 | Vaults:5 | Bought a scroll of identify for 34 gold pieces
 69476 | Vaults:5 | Bought a scroll of magic mapping for 59 gold pieces
 69505 | Vaults:5 | Bought a bread ration for 65 gold pieces
 69505 | Vaults:5 | Bought a bread ration for 65 gold pieces
 69505 | Vaults:5 | Bought a bread ration for 65 gold pieces
 69505 | Vaults:5 | Bought a bread ration for 65 gold pieces
 69505 | Vaults:5 | Bought a bread ration for 65 gold pieces
 69870 | Crypt:1  | Entered Level 1 of the Crypt
 72430 | Crypt:3  | Entered Level 3 of the Crypt
 72899 | Depths:1 | You paid a toll of 16 scrolls of teleportation to enter a treasure trove
 72900 | Trove    | Entered a treasure trove
 72909 | Trove    | Got a pair of distressingly furry boots
 72920 | Trove    | Identified the +0 pair of boots of Blue Skies {rCorr Dex+4} (You found it in a treasure trove)
 72937 | Trove    | Identified a +0 pair of boots of running (You found it in a treasure trove)
 72954 | Trove    | Got an ancient fire dragon armour
 73078 | D:13     | Identified the +6 fire dragon armour "Guboggeb" {+Blink rF++ rC-} (You found it in a treasure trove)
 73187 | D:15     | Identified a +9 battleaxe of holy wrath (a +9 battleaxe of chopping blessed by the Shining One)
 74002 | Crypt:3  | Identified the Almanac of Sinister Arts
 74073 | Crypt:3  | Noticed Mennas
 74101 | Crypt:3  | Killed Mennas
 74101 | Crypt:3  | Reached XP level 25. HP: 201/237 MP: 31/31
 74262 | Crypt:3  | Found a staircase to the Tomb.
 74298 | Crypt:3  | Got a coiled ivory ring
 74309 | Crypt:3  | Identified the ring of Lady Luck {rC- MR++ Stlth+} (You found it on level 3 of the Crypt)
 74654 | Crypt:3  | Found an ancient bone altar of Kikubaaqudgha.
 74655 | Crypt:3  | Noticed an ancient lich
 74678 | Crypt:3  | Killed an ancient lich
 74723 | Crypt:3  | Noticed an ancient lich
 74728 | Crypt:3  | Killed an ancient lich
 75627 | Elf:1    | Bought a crude plate armour for 980 gold pieces
 75627 | Elf:1    | Bought a faintly glowing hat for 315 gold pieces
 75627 | Elf:1    | Identified the cursed +0 plate armour "Axelekopeno" {Str+2 Slay+2} (You bought it in a shop on level 1 of the Elven Halls)
 75629 | Elf:1    | Identified the +0 hat of the Dropbear {MP-9 Dex+7 SInv} (You bought it in a shop on level 1 of the Elven Halls)
 75907 | Elf:3    | Was placed under penance by the Shining One
 76133 | Elf:3    | Was forgiven by the Shining One
 76810 | Elf:3    | Got a faintly glowing pewter ring
 76814 | Elf:3    | Got a steaming scale mail
 76826 | Elf:3    | Identified the ring of Moodiness {rPois Str+2} (You took it off a deep elf master archer on level 3 of the Elven Halls)
 76917 | Elf:3    | Got a warped tin ring
 76957 | Elf:3    | Got a glittering turquoise ring
 76962 | Elf:3    | Identified the ring "Quwnev" {rElec MP+9 Str+3 Int+4 Dex+9} (You took it off a deep elf sorcerer on level 3 of the Elven Halls)
 76963 | Elf:3    | Identified the ring of Insomnia {+Inv +Fly rPois rC- MR+ MP+9} (You took it off a deep elf death mage on level 3 of the Elven Halls)
 76964 | Elf:3    | Identified the +2 scale mail "Sizoawk" {+Inv rPois rF- Dex+4} (You took it off a deep elf master archer on level 3 of the Elven Halls)
 77401 | Elf:3    | Got a shimmering broad axe
 77549 | Elf:3    | Identified the Incunabulum of the Birds
 77554 | Elf:3    | Learned a level 2 spell: Repel Missiles
 77571 | Elf:3    | Got a polished blowgun
 78023 | Lair:2   | Identified the +4 broad axe of Summertime {freeze, rF+ rN+} (You took it off a deep elf high priest on level 3 of the Elven Halls)
 78706 | Depths:2 | Reached skill level 15 in Evocations
 79035 | Depths:2 | Noticed Nikola
 79052 | Depths:2 | Killed Nikola
 79559 | Depths:3 | Found a flickering gateway to a bazaar.
 79592 | Bazaar   | Entered a bazaar
 79592 | Bazaar   | Found Oseqo's General Store.
 79592 | Bazaar   | Found Fatir's Jewellery Emporium.
 79666 | Bazaar   | Found Janof's Book Shoppe.
 79672 | Bazaar   | Bought a scroll of identify for 40 gold pieces
 79681 | Bazaar   | Found Tuc Woj's Book Emporium.
 79848 | Depths:3 | Found a gateway to a ziggurat.
 80322 | Depths:3 | Reached XP level 26. HP: 246/246 MP: 31/31
 80565 | Depths:4 | Got an ichor-stained hand axe
 80717 | Depths:4 | Found a one-way gate to the infinite horrors of the Abyss.
 81443 | Depths:4 | Identified the +10 hand axe of the Ring {pain, +Rage Dex+4} (You found it on level 4 of the Depths)
 82449 | Depths:4 | Got a scintillating jade ring
 82450 | Depths:4 | Identified the ring "Tayng" {rF+ Int+4} (You found it on level 4 of the Depths)
 82456 | Depths:4 | Identified a +5 rod of the swarm (10/10) (You found it on level 4 of the Depths)
 82991 | Hell     | Entered the Vestibule of Hell
 82991 | Hell     | Noticed Geryon
 83065 | Hell     | Killed Geryon
 83125 | Hell     | Noticed M4edhros's ghost (legendary OpAr)
 83244 | Hell     | Killed M4edhros's ghost
 83279 | Hell     | Reached skill level 15 in Dodging
 83361 | Hell     | Found a gateway to the ashen valley of Gehenna.
 83574 | Hell     | Found a gateway to the freezing wastes of Cocytus.
 83811 | Hell     | Found a gateway to the Iron City of Dis.
 83974 | Hell     | Found a gateway to the decaying netherworld of Tartarus.
 85686 | Pan      | Entered Pandemonium
 85686 | Pan      | Found a gateway to a ziggurat.
 86085 | Zig:1    | Entered Level 1 of a ziggurat
 86197 | Zig:2    | Entered Level 2 of a ziggurat
 86223 | Zig:3    | Entered Level 3 of a ziggurat
 86288 | Zig:4    | Entered Level 4 of a ziggurat
 86301 | Zig:4    | Reached XP level 27. HP: 235/253 MP: 31/31
 86326 | Zig:5    | Entered Level 5 of a ziggurat
 86480 | Zig:6    | Entered Level 6 of a ziggurat
 86732 | Zig:6    | Got a shimmering diamond amulet
 86733 | Zig:6    | Identified the amulet "Hotiup" {Faith rN+ MR+ Str+5 Int+2} (You found it on level 6 of a ziggurat)
 86737 | Zig:6    | Got a coiled silver ring
 86738 | Zig:6    | Identified the ring of Pegiliwn {rElec MR+ Str+5 Int+2 Dex-4} (You found it on level 6 of a ziggurat)
 86756 | Zig:7    | Entered Level 7 of a ziggurat
 86838 | Zig:7    | Got a glittering bone amulet
 86841 | Zig:7    | Identified the amulet of Sontoruw {rCorr Str+4} (You found it on level 7 of a ziggurat)
 86853 | Zig:8    | Entered Level 8 of a ziggurat
 87005 | Zig:9    | Entered Level 9 of a ziggurat
 87020 | Zig:9    | Noticed Nehug the pandemonium lord
 87031 | Zig:9    | Killed Nehug the pandemonium lord
 87140 | Zig:10   | Entered Level 10 of a ziggurat
 87229 | Zig:10   | Got an ichor-stained battleaxe
 87246 | Zig:10   | Identified Sif Muna's Volume of Excruciating Flight (You found it on level 10 of a ziggurat)
 87252 | Zig:10   | Identified the +5 battleaxe "Jynaud" {chop, +Blink MR+ Dex-5} (You found it on level 10 of a ziggurat)
 87268 | Zig:11   | Entered Level 11 of a ziggurat
 87455 | Zig:12   | Entered Level 12 of a ziggurat
 87691 | Zig:13   | Entered Level 13 of a ziggurat
 87836 | Zig:13   | Identified a +4 rod of inaccuracy (12/12) (You found it on level 13 of a ziggurat)
 87875 | Zig:14   | Entered Level 14 of a ziggurat
 88048 | Zig:14   | Got a slimy cloak
 88049 | Zig:14   | Identified the +1 cloak of the Thirteen Beggars {rF+} (You found it on level 14 of a ziggurat)
 88088 | Zig:14   | Reached skill level 5 in Unarmed Combat
 88128 | Zig:15   | Entered Level 15 of a ziggurat
 88279 | Zig:16   | Entered Level 16 of a ziggurat
 88403 | Zig:16   | Got a transparent lead ring
 88428 | Zig:16   | Identified the ring "Ymebroq" {Ice Contam rPois Int+4 Dex+3} (You found it on level 16 of a ziggurat)
 88431 | Zig:16   | Got a fine steel ring
 88432 | Zig:16   | Identified the ring of the Suburbs {rPois Str-2 Int+6} (You found it on level 16 of a ziggurat)
 88456 | Zig:17   | Entered Level 17 of a ziggurat
 88517 | Zig:17   | Paralysed by accursed screaming for 2 turns
 88530 | Zig:17   | Paralysed by accursed screaming for 2 turns
 88540 | Zig:17   | Paralysed by accursed screaming for 2 turns
 88639 | Zig:18   | Entered Level 18 of a ziggurat
 88671 | Zig:18   | Reached skill level 27 in Axes
 88675 | Zig:18   | Noticed an ancient lich
 88677 | Zig:18   | Noticed an ancient lich
 88698 | Zig:18   | Killed an ancient lich
 88706 | Zig:18   | Killed an ancient lich
 88804 | Zig:19   | Entered Level 19 of a ziggurat
 88830 | Zig:19   | Noticed an ancient lich
 88838 | Zig:19   | Noticed an ancient lich
 88845 | Zig:19   | Killed an ancient lich
 88861 | Zig:19   | Noticed an ancient lich
 88861 | Zig:19   | Killed an ancient lich
 88884 | Zig:19   | Killed an ancient lich
 89042 | Zig:20   | Entered Level 20 of a ziggurat
 89123 | Zig:20   | Was placed under penance by the Shining One
 89137 | Zig:20   | Was forgiven by the Shining One
 89236 | Zig:20   | Identified a +4 rod of clouds (10/10) (You found it on level 20 of a ziggurat)
 89285 | Zig:20   | Got a faintly humming cloak
 89286 | Zig:20   | Identified the cursed +0 cloak "Ycvuhihi" {MR- Dex+4} (You found it on level 20 of a ziggurat)
 89343 | Zig:21   | Entered Level 21 of a ziggurat
 89490 | Zig:21   | HP: 11/267 [greater naga/bolt of poison (6)]
 89540 | Zig:21   | Reached skill level 27 in Fighting
 89991 | Zig:21   | Identified the Collected Works on Gliding Conjuration
 90016 | Zig:21   | Identified a cursed +3 rod of ignition (14/14) (You found it on level 21 of a ziggurat)
 90024 | Zig:22   | Entered Level 22 of a ziggurat
 90381 | Zig:22   | Got a translucent glass ring
 90382 | Zig:22   | Identified the ring "Xiamnaxoeb" {MR+ Str-3 Slay+4 Stlth+} (You found it on level 22 of a ziggurat)
 90387 | Zig:22   | Identified a +6 rod of inaccuracy (11/11) (You found it on level 22 of a ziggurat)
 90400 | Zig:22   | Got an ancient ivory ring
 90401 | Zig:22   | Identified the ring "Onyuxas" {Wiz rElec rPois Dex+3} (You found it on level 22 of a ziggurat)
 90423 | Zig:23   | Entered Level 23 of a ziggurat
 90721 | Zig:23   | Identified the Volume of Calling
 90730 | Zig:24   | Entered Level 24 of a ziggurat
 90984 | Zig:24   | Got a clouded pewter amulet
 90985 | Zig:24   | Identified the amulet "Jupovush" {+Rage rElec Dex+5} (You found it on level 24 of a ziggurat)
 91011 | Zig:24   | Got a shimmering glass ring
 91012 | Zig:24   | Identified the ring "Secymeiz" {rC+ rN++} (You found it on level 24 of a ziggurat)
 91016 | Zig:24   | Got a scorched cloak
 91017 | Zig:24   | Identified the +1 cloak of the Mind {rElec rPois Int+3} (You found it on level 24 of a ziggurat)
 91123 | Zig:25   | Entered Level 25 of a ziggurat
 91527 | Zig:25   | Reached skill level 15 in Unarmed Combat
 91529 | Zig:25   | Got a coiled pewter ring
 91530 | Zig:25   | Identified the ring "Hothue" {rF++ MR+ Dex+3} (You found it on level 25 of a ziggurat)
 91544 | Zig:26   | Entered Level 26 of a ziggurat
 91565 | Zig:26   | Was placed under penance by the Shining One
 91720 | Zig:26   | Was forgiven by the Shining One
 92161 | Zig:26   | Got a steaming lead ring
 92162 | Zig:26   | Identified the ring of Gusaipur {rPois rF+ Int+4} (You found it on level 26 of a ziggurat)
 92168 | Zig:26   | Got a shimmering steel ring
 92169 | Zig:26   | Identified the ring "Vuecho" {rPois Str+2 Dex+2} (You found it on level 26 of a ziggurat)
 92201 | Zig:27   | Entered Level 27 of a ziggurat
 92254 | Zig:27   | Lost intelligence.
 92370 | Zig:27   | Was placed under penance by the Shining One
 92594 | Zig:27   | Was forgiven by the Shining One
 93329 | Zig:27   | Got a pair of faintly humming boots
 93793 | Zig:27   | Got a shimmering amber ring
 93795 | Zig:27   | Identified the ring "Duagino" {rPois EV+5 SInv} (You found it on level 27 of a ziggurat)
 93802 | Zig:27   | Got a shimmering turquoise ring
 93803 | Zig:27   | Identified the ring of Henotheism {rN+ Str+2 Int+2 Slay-4 SInv} (You found it on level 27 of a ziggurat)
 94009 | Pan      | Noticed Ponitex the pandemonium lord
 94402 | Pan      | Found an exit through the horrors of the Abyss.
 94458 | Pan      | Killed Ponitex the pandemonium lord
 94462 | Pan      | Got a demonic rune of Zot
 94497 | Pan      | Took an exit into the Abyss.
 94497 | Abyss:1  | Escaped into the Abyss
 94679 | Abyss:1  | Found a corrupted altar of Lugonu.
 95037 | Depths:1 | Escaped the Abyss
 95146 | D:13     | Identified the +0 pair of boots of Ganev {rN+} (You found it on level 27 of a ziggurat)
 95235 | Hell     | Lost mutation: You passively map a small area around you. [potion of cure mutation]
 95235 | Hell     | Lost mutation: Your magical capacity is low (-10% MP). [potion of cure mutation]
 95235 | Hell     | Lost mutation: You are somewhat resistant to further mutation. [potion of cure mutation]
 95235 | Hell     | Lost mutation: You are clumsy. (Dex -2) [potion of cure mutation]
 95235 | Hell     | Lost mutation: You are dopey. (Int -2) [potion of cure mutation]
 95332 | Pan      | Entered Pandemonium
 95634 | Pan      | Noticed Iblevi the pandemonium lord
 95641 | Pan      | Killed Iblevi the pandemonium lord
 95733 | Pan      | Found an exit through the horrors of the Abyss.
 96529 | Pan      | Found an exit through the horrors of the Abyss.
 96742 | Pan      | Found an exit through the horrors of the Abyss.
 97044 | Pan      | Noticed Mamaudwo the pandemonium lord
 97058 | Pan      | Killed Mamaudwo the pandemonium lord
 97411 | Pan      | Gained mutation: You occasionally shout uncontrollably at your foes. [a cacodemon]
 97591 | Pan      | Noticed Unkykou the pandemonium lord
 97630 | Pan      | Killed Unkykou the pandemonium lord
 97784 | Pan      | Found an exit through the horrors of the Abyss.
 98482 | Pan      | Found an exit through the horrors of the Abyss.
 98842 | Pan      | Noticed Bep Wup the pandemonium lord
 98852 | Pan      | Killed Bep Wup the pandemonium lord
 98883 | Pan      | Got a warped morningstar
 98884 | Pan      | Identified the cursed +0 morningstar "Zaykkion" {crush, rF+ Int+2 Dex-4 SInv} (You took it off a blood saint in Pandemonium)
 99220 | Pan      | Found a gateway to a ziggurat.
 99228 | Zig:1    | Entered Level 1 of a ziggurat
 99243 | Zig:1    | Got a wavering brass ring
 99248 | Zig:1    | Identified the ring of Intercession {rN+ Int+4} (You found it on level 1 of a ziggurat)
 99251 | Zig:2    | Entered Level 2 of a ziggurat
 99282 | Zig:3    | Entered Level 3 of a ziggurat
 99342 | Zig:4    | Entered Level 4 of a ziggurat
 99412 | Zig:5    | Entered Level 5 of a ziggurat
 99499 | Zig:5    | Gained mutation: You can breathe flames. [potion of beneficial mutation]
 99501 | Zig:6    | Entered Level 6 of a ziggurat
 99569 | Zig:6    | Got a crude bone ring
 99570 | Zig:6    | Identified the ring of Izogiaf {rElec rF+ rC+ MR+} (You found it on level 6 of a ziggurat)
 99579 | Zig:7    | Entered Level 7 of a ziggurat
 99701 | Zig:7    | Got a fine war axe
 99702 | Zig:7    | Identified the +11 war axe of Valour {freeze, MR+} (You found it on level 7 of a ziggurat)
 99781 | Zig:8    | Entered Level 8 of a ziggurat
 99854 | Zig:8    | Got a polished battleaxe
 99855 | Zig:8    | Identified the +2 battleaxe "Vepitoet" {venom, MP-9 Dex+3 SInv} (You found it on level 8 of a ziggurat)
 99859 | Zig:9    | Entered Level 9 of a ziggurat
100004 | Zig:9    | Got a glittering ruby amulet
100005 | Zig:9    | Identified the amulet of Posadab {rMut rF+ rC+} (You found it on level 9 of a ziggurat)
100022 | Zig:10   | Entered Level 10 of a ziggurat
100141 | Zig:10   | Identified Cigotuvi's Almanac of Transformation (You found it on level 10 of a ziggurat)
100148 | Zig:11   | Entered Level 11 of a ziggurat
100254 | Zig:11   | Gained mutation: You are somewhat resistant to further mutation. [potion of beneficial mutation]
100256 | Zig:11   | Got a glittering golden ring
100257 | Zig:11   | Identified the ring "Gunoun" {rF+ rC+++ rN+ Str-2 Dex+3} (You found it on level 11 of a ziggurat)
100263 | Zig:12   | Entered Level 12 of a ziggurat
100526 | Zig:13   | Entered Level 13 of a ziggurat
100673 | Zig:13   | Reached skill level 5 in Translocations
100731 | Zig:14   | Entered Level 14 of a ziggurat
100899 | Zig:14   | Identified Sif Muna's Guide on Changing (You found it on level 14 of a ziggurat)
100929 | Zig:15   | Entered Level 15 of a ziggurat
101142 | Zig:15   | Got a shimmering fire dragon armour
101143 | Zig:15   | Identified the cursed +0 fire dragon armour of Creativity {rPois rF++ rC- Regen+ Int+6 Dex-3} (You found it on level 15 of a ziggurat)
101159 | Zig:15   | Learned a level 4 spell: Control Teleport
101172 | Zig:16   | Entered Level 16 of a ziggurat
101194 | Zig:16   | Noticed Lurhecro the pandemonium lord
101199 | Zig:16   | Noticed Ycuum the pandemonium lord
101207 | Zig:16   | Killed Ycuum the pandemonium lord
101207 | Zig:16   | Noticed Cakephiq the pandemonium lord
101210 | Zig:16   | Noticed Qothez the pandemonium lord
101211 | Zig:16   | Noticed Goloarph the pandemonium lord
101216 | Zig:16   | Noticed Zenteiqo the pandemonium lord
101216 | Zig:16   | Killed Lurhecro the pandemonium lord
101225 | Zig:16   | Killed Cakephiq the pandemonium lord
101226 | Zig:16   | Noticed Onis the pandemonium lord
101231 | Zig:16   | Killed Goloarph the pandemonium lord
101233 | Zig:16   | Noticed Toru the pandemonium lord
101237 | Zig:16   | Killed Qothez the pandemonium lord
101285 | Zig:16   | Killed Toru the pandemonium lord
101292 | Zig:16   | Killed Zenteiqo the pandemonium lord
101295 | Zig:16   | Killed Onis the pandemonium lord
101313 | Zig:16   | HP: 13/273 [Killer Klown (8)]
101313 | Zig:16   | HP: 2/273 [Killer Klown (11)]
101609 | Zig:16   | Identified a +4 rod of inaccuracy (14/14) (You found it on level 16 of a ziggurat)
101635 | Zig:17   | Entered Level 17 of a ziggurat
101743 | Zig:17   | Reached skill level 27 in Invocations
101900 | Zig:18   | Entered Level 18 of a ziggurat
102149 | Zig:18   | Learned a level 3 spell: Flight
102150 | Zig:18   | Got a smoking ivory amulet
102151 | Zig:18   | Identified the amulet of Rolin {Ward rN+ MP-9 Int+3 Slay+2} (You found it on level 18 of a ziggurat)
102158 | Zig:19   | Entered Level 19 of a ziggurat
102283 | Zig:19   | Gained mutation: You are dopey. (Int -2) [a shining eye]
102396 | Zig:19   | Got a scorched tin ring
102397 | Zig:19   | Identified the ring "Terghasku" {rC+ MR+} (You found it on level 19 of a ziggurat)
102399 | Zig:19   | Got a smoking copper ring
102400 | Zig:19   | Identified the ring "Rodad" {rElec rC++ EV+3 Str+4} (You found it on level 19 of a ziggurat)
102407 | Zig:19   | Gained mutation: You have sharp fingernails. [potion of beneficial mutation]
102424 | Zig:20   | Entered Level 20 of a ziggurat
102530 | Zig:20   | Noticed an ancient lich
102540 | Zig:20   | Killed an ancient lich
102740 | Zig:20   | Got a ring of the Octopus King
102743 | Zig:20   | Identified a ring of the Octopus King {AC+1 EV+1 Str+1 Int+1 Dex+1 Stlth+} (You found it on level 20 of a ziggurat)
102792 | Zig:21   | Entered Level 21 of a ziggurat
102792 | Zig:21   | Noticed wvc's ghost (legendary MiWn)
102861 | Zig:21   | Killed wvc's ghost
102877 | Zig:21   | Reached skill level 27 in Evocations
102916 | Zig:21   | Lost intelligence.
102940 | Zig:21   | HP: 11/273 [??? (3)]
102944 | Zig:21   | Killed from afar by a greater mummy

Action                   |  1- 3 |  4- 6 |  7- 9 | 10-12 | 13-15 | 16-18 | 19-21 | 22-24 | 25-27 || total
-------------------------+-------+-------+-------+-------+-------+-------+-------+-------+-------++-------
Melee: War axe           |    81 |   131 |   383 |   543 |       |       |       |       |       ||  1138
       Battleaxe         |       |       |       |   127 |  1206 |  1028 |  1444 |  1439 |  4068 ||  9312
Throw: Throwing net      |       |     5 |     2 |       |     2 |       |       |       |       ||     9
       Tomahawk          |       |       |       |    33 |   121 |    68 |    80 |   276 |   571 ||  1149
       Javelin           |       |       |       |       |       |       |       |    19 |   627 ||   646
 Cast: Shroud of Golubri |       |       |       |       |       |       |       |       |     3 ||     3
       Repel Missiles    |       |       |       |       |       |       |       |       |     2 ||     2
Invok: Divine Shield     |       |       |       |       |    18 |    18 |    17 |    15 |    54 ||   122
       Summon Divine War |       |       |       |       |     3 |     1 |     3 |     1 |     8 ||    16
       Cleansing Flame   |       |       |       |       |     1 |     5 |       |     1 |    51 ||    58
 Abil: Evoke Flight      |       |       |       |       |       |       |    61 |       |       ||    61
       Evoke Teleportati |       |       |       |       |       |       |     2 |     5 |     1 ||     8
       Evoke Teleport Co |       |       |       |       |       |       |       |     4 |     1 ||     5
Evoke: Wand              |       |       |     5 |     2 |    54 |     2 |     2 |     1 |    17 ||    83
       Rod               |       |       |       |       |       |     4 |    12 |     8 |    70 ||    94
       Phial of floods   |       |       |       |       |       |       |       |     2 |    17 ||    19
       Disc of storms    |       |       |       |       |       |       |       |       |    30 ||    30
       Lamp of fire      |       |       |       |       |       |       |       |       |    22 ||    22
       Fan of gales      |       |       |       |       |       |       |       |       |     3 ||     3
  Use: Scroll            |       |       |    19 |    14 |    17 |    15 |     9 |    11 |    85 ||   170
       Potion            |       |       |     2 |       |    11 |     9 |     5 |     7 |    66 ||   100
 Stab: Paralysed         |       |       |       |       |       |       |     1 |       |       ||     1
       Petrified         |       |       |       |       |       |       |       |       |     8 ||     8
       Petrifying        |       |       |       |       |       |       |       |       |     1 ||     1
  Eat: Chunk             |       |     8 |    16 |    17 |    97 |    84 |   152 |   148 |   188 ||   710
       Pizza             |       |       |       |     1 |     1 |       |       |     2 |     1 ||     5
       Meat ration       |       |       |       |     1 |       |       |       |     2 |     5 ||     8
       Bread ration      |       |       |       |       |     1 |     1 |       |       |     5 ||     7
       Beef jerky        |       |       |       |       |     1 |     1 |     1 |     2 |     5 ||    10
       Fruit             |       |       |       |       |       |     6 |     1 |       |     5 ||    12
       Royal jelly       |       |       |       |       |       |     1 |       |       |    10 ||    11
